[Event "Team 45 45 League T74"]
[Site "Internet Chess Club"]
[Date "2017.10.20"]
[Round "6"]
[White "Zugzwanged"]
[Black "WillC"]
[Result "1/2-1/2"]
[WhiteElo "1711"]
[BlackElo "1689"]
[Opening "Caro-Kann: exchange variation"]
[ECO "B13"]
[Time "12:07:08"]
[TimeControl "2700+45"]

1. e4 c6 2. d4 d5 3. exd5 Qxd5 4. Nc3 Qa5 5. Bc4 Nf6 6. Bd2 Qb6 7. Nf3 Bf5 8.
Bb3 e6 9. Qe2 Be7 10. O-O-O O-O 11. h3 Re8 12. g4 Bg6 13. h4 Nxg4 14. h5 Bf5 15.
Ne5 Qxd4 16. Nxg4 Qxg4 17. f3 Qg3 18. Rdg1 Qd6 19. Bh6 Bf6 20. Qg2 Qf8 21. Ne4
Bxe4 22. fxe4 Nd7 23. Rh3 Kh8 24. Bf4 Qe7 25. Qg3 e5 26. Bd2 Nc5 27. Qf3 Nxb3+
28. Qxb3 b5 29. Rhg3 a5 30. Qf3 Qe6 31. Kb1 c5 32. Rf1 a4 33. h6 Ra7 34. hxg7+
Bxg7 35. Rh1 f6 36. Rgh3 Bf8 37. Qh5 Qf7 38. Qf5 b4 39. Rxh7+ Qxh7 40. Rxh7+
Rxh7 41. Qxf6+ Bg7 42. Qf1 Rf8 43. Qg1 Rh4 44. b3 a3 45. c4 Rxe4 46. Qh1+ Kg8
47. Qxe4 Rf1+ 48. Kc2 Ra1 49. Qd5+ Kh8 50. Qxc5 Rxa2+ 51. Kc1 e4 52. Qxb4 Ra1+
53. Kc2 Ra2+ 54. Kd1 Ra1+ 55. Ke2 Bb2 56. Bc3+ Kh7 57. c5 Rg1 58. Qxe4+ Kg8 59.
Qd5+ Kh7 60. Qh5+ Kg8 61. Qh8+ Kf7 62. Bxb2 axb2 63. Qh7+ Ke6 64. Qe4+ Kf7 65.
Qf5+ Ke7 66. Qe5+ Kf7 67. Qf5+ Ke7 68. Qe5+ Kf7 69. Qh5+ Ke7 70. Qh7+ Ke6 71.
Qe4+ Kf7 72. Qd5+ Ke8 73. Qe6+ Kf8 74. Qf6+ Ke8 75. Qc6+ Kf7 76. Qd7+ Kf8 77.
Qd8+ Kf7 78. Qd5+ Ke8 79. Qe6+ Kf8 80. Qf5+ Ke7 {Game drawn by repetition}
1/2-1/2

[Event "Team 45 45 League T74"]
[Site "Internet Chess Club"]
[Date "2017.10.22"]
[Round "6"]
[White "Mitochondria"]
[Black "bookseller"]
[Result "0-1"]
[WhiteElo "1561"]
[BlackElo "1705"]
[Opening "QGD Slav: Dutch variation"]
[ECO "D18"]
[Time "15:04:23"]
[TimeControl "2700+45"]

1. d4 d5 2. c4 c6 3. Nf3 Nf6 4. Nc3 dxc4 5. a4 Bf5 6. e3 e6 7. Bxc4 Bb4 8. Bd2
Nbd7 9. O-O O-O 10. e4 Bxc3 11. exf5 Bxd2 12. Qxd2 exf5 13. Qc2 Nb6 14. Bd3 g6
15. Rfe1 Re8 16. b3 Qd7 17. Rad1 Rxe1+ 18. Rxe1 Rd8 19. Bc4 Nbd5 20. h3 Qd6 21.
Qc1 Kg7 22. Re5 Nd7 23. Rxf5 Re8 24. Rg5 Nf4 25. Qb2 Nf6 26. Re5 Rd8 27. Re1
N6d5 28. Re4 Qf6 29. Re5 Nxh3+ 30. gxh3 Qxf3 31. Bxd5 cxd5 32. Kh2 Qf4+ 33. Kg2
Rc8 34. Re3 Qg5+ 35. Rg3 Qf5 36. Qe2 Qe4+ 37. Qxe4 dxe4 38. Re3 f5 39. f3 exf3+
40. Kxf3 Kf7 41. Kf4 Rd8 42. Rd3 Kf6 43. h4 h6 44. d5 g5+ 45. hxg5+ hxg5+ 46.
Kf3 Rd6 47. Ke3 Ke5 48. Kf3 Rxd5 49. Rc3 g4+ 50. Ke3 f4+ 51. Ke2 Rd6 52. Rc7 Rb6
53. Re7+ Kf6 54. Re4 Re6 {White resigns} 0-1

[Event "Team 45 45 League T74"]
[Site "Internet Chess Club"]
[Date "2017.10.20"]
[Round "6"]
[White "Megasus"]
[Black "JohLeb"]
[Result "0-1"]
[WhiteElo "1466"]
[BlackElo "1578"]
[Opening "Queen's pawn game"]
[ECO "D02"]
[Time "15:00:28"]
[TimeControl "2700+45"]

1. Nf3 d5 2. d4 Bf5 3. Nbd2 Nf6 4. h3 e6 5. a3 Nc6 6. b3 Bd6 7. Bb2 O-O 8. e3
Re8 9. Ne5 Bxe5 10. dxe5 Nd7 11. Nf3 Be4 12. Rc1 Bxf3 13. Qxf3 Ndxe5 14. Qg3 f6
15. Rd1 Qd6 16. Be2 Ng6 17. Qxd6 cxd6 18. c4 dxc4 19. Bxc4 d5 20. Bb5 Rac8 21.
b4 a6 22. Ba4 b5 23. Bb3 a5 24. Bc3 Nxb4 25. Bxb4 axb4 26. axb4 Rc3 27. Ba2 Ra8
28. Bb1 Rb3 29. O-O Rxb4 30. Bd3 Ne5 31. Be2 Ra2 32. Rfe1 Rbb2 33. Kf1 Nc4 34.
Rc1 Kf7 35. h4 g6 36. g3 Ke7 37. Rc3 Kd6 38. Rd3 Ne5 39. Rc3 Nf3 40. Bxf3 Rxf2+
41. Kg1 Rxf3 42. Rec1 Rxg3+ 43. Kf1 Rh3 44. Kg1 Rxh4 45. Rc6+ Ke5 46. Rb6 Rc4
47. Rb1 Re4 48. Rb3 h5 49. R6xb5 g5 50. Rb6 h4 51. Rc6 h3 52. Rbb6 Kf5 53. Rb3
h2+ 54. Kh1 Rg4 55. Rc1 Re2 56. Rf1+ Ke5 57. Rd3 Reg2 58. Rdd1 Rg1+ 59. Kxh2
R4g2+ 60. Kh3 g4+ {White resigns} 0-1

[Event "Team 45 45 League T74"]
[Site "Internet Chess Club"]
[Date "2017.10.19"]
[Round "6"]
[White "elessar"]
[Black "kanishka"]
[Result "1-0"]
[WhiteElo "1608"]
[BlackElo "1613"]
[Opening "Queen's pawn: London system"]
[ECO "A45"]
[Time "10:01:14"]
[TimeControl "2700+45"]

1. d4 Nf6 2. Bf4 d6 3. Nc3 g6 4. e4 Bg7 5. Qd2 Nbd7 6. Nf3 O-O 7. Bh6 e5 8. Bxg7
Kxg7 9. h4 h5 10. Ng5 Nh7 11. Be2 exd4 12. Qxd4+ Qf6 13. Qd2 Re8 14. O-O-O Nc5
15. f3 Nxg5 16. hxg5 Qd8 17. Nd5 Re5 18. Nf6 Nd7 19. f4 Re7 20. Qc3 Kf8 21. Nxh5
Rxe4 22. Nf6 Nxf6 23. gxf6 Kg8 24. Rh2 Rxf4 25. Rdh1 Qxf6 26. Rh8+ Qxh8 27.
Qxh8# {Black checkmated} 1-0

[Event "Team 45 45 League T74"]
[Site "Internet Chess Club"]
[Date "2017.10.19"]
[Round "6"]
[White "QueensStooge"]
[Black "Gilguli"]
[Result "1-0"]
[WhiteElo "1412"]
[BlackElo "1280"]
[Opening "QGD: Albin counter-gambit"]
[ECO "D08"]
[Time "15:04:50"]
[TimeControl "2700+45"]

1. d4 d5 2. c4 e5 3. dxe5 d4 4. a3 Nc6 5. b4 Nxe5 6. Bf4 Nxc4 7. e4 Be6 8. Nf3
c5 9. Nbd2 Nxd2 10. Qxd2 Nf6 11. Ng5 Qd7 12. Nxe6 fxe6 13. f3 Bd6 14. e5 cxb4
15. a4 Be7 16. Bb5 Qxb5 17. axb5 a5 {Black resigns} 1-0

[Event "Team 45 45 League T74"]
[Site "Internet Chess Club"]
[Date "2017.10.22"]
[Round "6"]
[White "LittleButton"]
[Black "jonesey"]
[Result "0-1"]
[WhiteElo "1852"]
[BlackElo "1879"]
[Opening "Queen's pawn: London system"]
[ECO "A45"]
[Time "15:12:04"]
[TimeControl "2700+45"]

1. d4 Nf6 2. Bf4 c5 3. d5 Qb6 4. Nc3 Qxb2 5. Bd2 Qb6 6. e4 d6 7. f4 a6 8. Nf3
Nbd7 9. Rb1 Qc7 10. a4 b6 11. Be2 g6 12. O-O Bg7 13. Qe1 O-O 14. Bc4 b5 15. axb5
Nb6 16. Qe2 Nxc4 17. Qxc4 axb5 18. Nxb5 Ba6 19. Nxc7 Bxc4 20. Nxa8 Bxf1 21. Kxf1
Rxa8 22. e5 Nxd5 23. c4 Nb4 24. Bxb4 Rb8 25. exd6 exd6 26. Rd1 cxb4 27. Rxd6 b3
28. Rd1 Bc3 29. Ke2 Re8+ 30. Kd3 Bf6 31. Rb1 Rd8+ 32. Ke2 b2 33. Ne1 Rd4 34. Nd3
Rxc4 35. g3 Rc2+ 36. Kd1 Rxh2 {White resigns} 0-1

[Event "Team 45 45 League T74"]
[Site "Internet Chess Club"]
[Date "2017.10.23"]
[Round "6"]
[White "fledermaus"]
[Black "ChessHouston"]
[Result "1/2-1/2"]
[WhiteElo "1844"]
[BlackElo "1691"]
[Opening "English: symmetrical, four knights system"]
[ECO "A30"]
[Time "13:06:00"]
[TimeControl "2700+45"]

1. Nf3 Nf6 2. c4 c5 3. Nc3 Nc6 4. g3 d5 5. cxd5 Nxd5 6. d4 e6 7. Bg2 cxd4 8.
Nxd4 Bb4 9. Nxc6 bxc6 10. O-O Bd7 11. Ne4 O-O 12. Qc2 Be7 13. b3 f5 14. Nc5 Bf6
15. Bb2 Bxb2 16. Qxb2 f4 17. Qe5 fxg3 18. hxg3 Qe7 19. Nxd7 Qxd7 20. Rfd1 Qe8
21. e4 Nb6 22. Rd6 Rf6 23. Bh3 Kf7 24. Qh5+ Ke7 25. Qc5 Kf7 26. Qh5+ Ke7 27. Qc5
Kf7 28. Qh5+ {Game drawn by repetition} 1/2-1/2

[Event "Team 45 45 League T74"]
[Site "Internet Chess Club"]
[Date "2017.10.21"]
[Round "6"]
[White "Beetlejuice"]
[Black "LookImYourVader"]
[Result "1/2-1/2"]
[WhiteElo "1775"]
[BlackElo "1772"]
[Opening "QGA: 3.e4"]
[ECO "D20"]
[Time "15:01:25"]
[TimeControl "2700+45"]

1. d4 d5 2. c4 dxc4 3. e4 e5 4. Nf3 exd4 5. Bxc4 Nc6 6. O-O Be6 7. Bb5 Bc5 8. b4
Bb6 9. a4 a6 10. Bxc6+ bxc6 11. a5 Ba7 12. Bb2 Bg4 13. Qc1 Qd6 14. e5 Qd5 15.
Qg5 Bxf3 16. Qxg7 Bxg2 17. Qxh8 O-O-O 18. Qxh7 Bxf1 19. Kxf1 Qb5+ 20. Kg2 Qd5+
21. Kf1 Qb5+ 22. Kg2 Qd5+ 23. Kf1 {Game drawn by repetition} 1/2-1/2

[Event "Team 45 45 League T74"]
[Site "Internet Chess Club"]
[Date "2017.10.18"]
[Round "6"]
[White "ChessRooklift"]
[Black "bradleyguo175"]
[Result "1/2-1/2"]
[WhiteElo "1703"]
[BlackElo "1790"]
[Opening "Sicilian"]
[ECO "B53"]
[Time "19:44:12"]
[TimeControl "2700+45"]

1. e4 c5 2. Nf3 d6 3. d4 cxd4 4. Bc4 Nc6 5. O-O Nf6 6. Re1 e6 7. c3 Nxe4 8. cxd4
d5 9. Bf1 Bb4 10. Re3 O-O 11. Nc3 Nxc3 12. bxc3 Ba5 13. Ba3 Re8 14. Ne5 Nxe5 15.
dxe5 f6 16. exf6 Qxf6 17. Rf3 Qe5 18. Bb5 Rd8 19. Be7 Bc7 20. g3 a6 21. Re3 Qf5
22. Bd3 Qf7 23. Bxd8 Bxd8 24. Rb1 Bf6 25. Rb6 Bd8 26. Rb1 Bf6 27. Rb6 Bd8 28.
Rb1 Bf6 {Game drawn by repetition} 1/2-1/2

[Event "Team 45 45 League T74"]
[Site "Internet Chess Club"]
[Date "2017.10.20"]
[Round "6"]
[White "SlimeDog2"]
[Black "passedpawn"]
[Result "1-0"]
[WhiteElo "1995"]
[BlackElo "1811"]
[Opening "QGD: exchange, positional line"]
[ECO "D35"]
[Time "19:10:03"]
[TimeControl "2700+45"]

1. d4 Nf6 2. c4 e6 3. Nc3 d5 4. cxd5 exd5 5. Bg5 Be7 6. e3 O-O 7. Bd3 Nbd7 8.
Qc2 Re8 9. Nge2 Nf8 10. O-O c6 11. f3 Be6 12. Rad1 Rc8 13. e4 dxe4 14. fxe4 N6d7
15. Be3 f6 16. Nf4 Bf7 17. Qf2 Ne6 18. Nxe6 Bxe6 19. d5 cxd5 20. exd5 Bg4 21.
Bxh7+ Kxh7 22. Qh4+ Kg8 23. Qxg4 Ne5 24. Qg3 Bd6 25. Ne4 Nf7 26. Nxd6 Nxd6 27.
Bd4 Ne4 28. Qg6 Qxd5 29. Bxf6 Qc5+ 30. Bd4 Qg5 31. Qxg5 Nxg5 32. Bxa7 Re2 33.
Rf2 Rxf2 34. Bxf2 Rc2 35. Bd4 Ne4 36. Re1 Nd6 37. a4 Kf7 38. Bc3 Nc4 39. Rd1
Nxb2 40. Rb1 Rxc3 41. Rxb2 Rc7 42. Rb6 Kf8 43. Rb4 Kf7 44. h4 Kf6 45. Kh2 g5 46.
Rb6+ Kf5 47. Rb5+ Kf4 48. Rxg5 Rc4 49. g3+ Kf3 50. Rb5 Rxa4 51. Rxb7 Ra1 52.
Rf7+ Kg4 53. Rf4+ Kh5 54. Rb4 Ra2+ 55. Kh3 Ra3 56. Rb5+ Kg6 57. h5+ Kh6 58. Kh4
Ra1 59. Rb6+ Kg7 60. h6+ Kh7 61. g4 Rh1+ 62. Kg5 Rc1 63. Rb7+ Kh8 64. Rf7 Rc5+
65. Kg6 Rc6+ 66. Rf6 Rc8 67. g5 Rg8+ 68. Kh5 Re8 69. Rf5 Rg8 70. g6 Re8 71. Kg5
Rc8 72. h7 Re8 73. Kh6 Rf8 74. g7# {Black checkmated} 1-0

[Event "Team 45 45 League T74"]
[Site "Internet Chess Club"]
[Date "2017.10.19"]
[Round "6"]
[White "Ajolote"]
[Black "cysk"]
[Result "1/2-1/2"]
[WhiteElo "1810"]
[BlackElo "1712"]
[Opening "Scandinavian: Pytel-Wade variation"]
[ECO "B01"]
[Time "21:32:30"]
[TimeControl "2700+45"]

1. e4 d5 2. exd5 Qxd5 3. Nc3 Qd6 4. d4 Nf6 5. Nf3 a6 6. Be2 Nc6 7. O-O Bf5 8.
Be3 Ng4 9. Bg5 h6 10. Bh4 O-O-O 11. Bg3 Qb4 12. a3 Qb6 13. Na4 Qa7 14. c3 Nf6
15. Qb3 e6 16. Rad1 Na5 17. Qa2 Be7 18. b4 Nc6 19. Nb2 Ne4 20. Qb3 Nxg3 21. hxg3
h5 22. Nc4 h4 23. gxh4 Bxh4 24. Nce5 Nxe5 25. Nxe5 Rdf8 26. g4 Be4 27. Nxf7
Bxf2+ 28. Kxf2 Rxf7+ 29. Kg3 Re7 30. Bc4 Qb6 31. Kf4 Bd5 32. Kg5 Bxc4 33. Qxc4
Qd6 34. Rh1 Rh2 35. Qc5 Qxc5+ 36. bxc5 Rf2 37. Rhf1 Rg2 38. Rf3 Ra2 39. c4 Rc2
40. Kg6 Rxc4 41. Rf7 Rd7 42. Rf8+ Rd8 43. Kxg7 Rxf8 44. Kxf8 Rc3 45. Ke7 Rg3 46.
Rf1 Kb8 47. Rf4 b5 48. cxb6 cxb6 49. Kxe6 b5 50. d5 Rxa3 51. d6 Re3+ 52. Kd7 Rd3
53. Kc6 Rc3+ 54. Kb6 Kc8 55. g5 Kd7 56. Rf6 b4 57. g6 b3 58. g7 Rg3 59. Rf3 Rxg7
60. Rxb3 Kxd6 61. Rd3+ {Game drawn by mutual agreement} 1/2-1/2

[Event "Team 45 45 League T74"]
[Site "Internet Chess Club"]
[Date "2017.10.22"]
[Round "6"]
[White "idjit"]
[Black "Tobiasdelmonte"]
[Result "1-0"]
[WhiteElo "1663"]
[BlackElo "1666"]
[Opening "Petrov: classical attack, Chigorin variation"]
[ECO "C42"]
[Time "11:08:21"]
[TimeControl "2700+45"]

1. e4 e5 2. Nf3 Nf6 3. Nxe5 d6 4. Nf3 Nxe4 5. d4 d5 6. Bd3 Be7 7. O-O Nc6 8. Re1
Bg4 9. c4 Nf6 10. cxd5 Nxd5 11. Nc3 O-O 12. Be4 Nf6 13. Bxc6 bxc6 14. Qd3 Bd6
15. Bg5 h6 16. Bh4 Rb8 17. Ne4 Rxb2 18. Nxf6+ gxf6 19. Qe4 Bd7 20. Qe3 Kg7 21.
h3 Re8 22. Ne5 Rb5 23. Qf4 Rbxe5 24. dxe5 Rxe5 25. Rxe5 Bxe5 26. Qxe5 {Black
resigns} 1-0

[Event "Team 45 45 League T74"]
[Site "Internet Chess Club"]
[Date "2017.10.21"]
[Round "6"]
[White "fireball"]
[Black "AVEMARIA"]
[Result "1-0"]
[WhiteElo "1617"]
[BlackElo "1575"]
[Opening "French: Steinitz variation"]
[ECO "C11"]
[Time "10:04:08"]
[TimeControl "2700+45"]

1. e4 e6 2. d4 d5 3. Nc3 Nf6 4. e5 Nfd7 5. Nf3 c5 6. dxc5 Bxc5 7. Bb5 Qb6 8. O-O
d4 9. Bxd7+ Bxd7 10. Ne4 Bb5 11. Re1 Nc6 12. Nxc5 Qxc5 13. a3 O-O 14. b4 Qd5 15.
Bb2 Rad8 16. a4 Bxa4 17. Rxa4 Qb5 18. Ra1 a5 19. Qd3 Qb6 20. Ba3 axb4 21. Reb1
Qc5 22. Bc1 Ra8 23. Ng5 g6 24. Qh3 h5 25. g4 Rxa1 26. Rxa1 Qc3 27. Qxc3 bxc3 28.
gxh5 gxh5 29. Nf3 Rd8 30. Bg5 Rd7 31. Ra8+ Kh7 32. Bf6 Kg6 33. Nh4+ {Black
resigns} 1-0

[Event "Team 45 45 League T74"]
[Site "Internet Chess Club"]
[Date "2017.10.19"]
[Round "6"]
[White "az2112"]
[Black "kutch"]
[Result "0-1"]
[WhiteElo "1617"]
[BlackElo "1616"]
[Opening "Giuoco Piano"]
[ECO "C50"]
[Time "22:01:47"]
[TimeControl "2700+45"]

1. e4 e5 2. Nf3 Nc6 3. Bc4 Bc5 4. O-O Nf6 5. d3 d6 6. c3 Bg4 7. Bg5 h6 8. Be3
Bb6 9. Nbd2 O-O 10. Qe1 Qd7 11. Bb5 Qd8 12. Nc4 Bxf3 13. Nxb6 axb6 14. gxf3 Ne7
15. f4 exf4 16. Bxf4 Ng6 17. Bd2 Nh5 18. f4 Nhxf4 19. Rxf4 Qg5+ 20. Qg3 Qxb5 21.
Rg4 Qxb2 22. Rd1 Rxa2 23. Bxh6 Qxc3 {White resigns} 0-1

[Event "Team 45 45 League T74"]
[Site "Internet Chess Club"]
[Date "2017.10.22"]
[Round "6"]
[White "Electryon"]
[Black "ChessMaine"]
[Result "1/2-1/2"]
[WhiteElo "1485"]
[BlackElo "1485"]
[Opening "Queen's pawn, Mason variation"]
[ECO "D00"]
[Time "19:01:04"]
[TimeControl "2700+45"]

1. d4 d5 2. Bf4 e6 3. Nf3 c5 4. e3 Nc6 5. c3 Nf6 6. Nbd2 Be7 7. Bd3 Nh5 8. Bg3
Nxg3 9. hxg3 h6 10. Bb5 Bd7 11. Bxc6 Bxc6 12. Ne5 Bb5 13. Qh5 g6 14. Qf3 Bf6 15.
Ng4 Bg5 16. Qd1 cxd4 17. exd4 Rc8 18. Nf3 h5 19. Nfe5 Ke7 20. f4 Bxf4 21. gxf4
hxg4 22. Kd2 Rh5 23. Qxg4 Qh8 24. Rh3 Rxh3 25. gxh3 Qf6 26. Rh1 Rh8 27. h4 Rh5
28. Ke3 Ba4 29. b3 Bb5 30. Kd2 Rf5 31. Ke3 Rh5 32. a4 Be8 33. Nd3 b6 34. Ne5 Qg7
35. Qe2 Qf6 36. Qg4 Qg7 37. Qe2 Qf6 38. Qg4 Qg7 39. Qe2 {Game drawn by
repetition} 1/2-1/2

[Event "Team 45 45 League T74"]
[Site "Internet Chess Club"]
[Date "2017.10.21"]
[Round "6"]
[White "Aquaman"]
[Black "Conjurer"]
[Result "1-0"]
[WhiteElo "1264"]
[BlackElo "1213"]
[Opening "Réti opening"]
[ECO "A05"]
[Time "15:31:22"]
[TimeControl "2700+45"]

1. Nf3 Nf6 2. g3 Nc6 3. Bg2 g6 4. O-O Bg7 5. d3 d5 6. Nbd2 O-O 7. Re1 e5 8. e4
Bg4 9. c3 Qd6 10. Qc2 d4 11. Nc4 Qd7 12. Ncxe5 Nxe5 13. Nxe5 Qd6 14. Nxg4 Nxg4
15. Bf4 Ne5 16. c4 c5 17. Bd2 Rad8 18. f4 Ng4 19. e5 Qe7 20. Bd5 Kh8 21. a3 b6
22. b4 b5 23. bxc5 Qxc5 24. Bb4 Qc7 25. Bxf8 Bxf8 26. Qb2 Qb6 27. Bxf7 Ne3 28.
Re2 Rd7 29. e6 Re7 30. Rxe3 Bg7 31. Re2 {Black resigns} 1-0

[Event "Team 45 45 League T74"]
[Site "Internet Chess Club"]
[Date "2017.10.22"]
[Round "6"]
[White "tuotuo123"]
[Black "creativechesski"]
[Result "1-0"]
[WhiteElo "1520"]
[BlackElo "1345"]
[Opening "Ruy Lopez: 5.O-O"]
[ECO "C78"]
[Time "12:06:48"]
[TimeControl "2700+45"]

1. e4 e5 2. Nf3 Nc6 3. Bb5 a6 4. Ba4 Nf6 5. O-O b5 6. Bb3 Bc5 7. a4 Rb8 8. c3 d6
9. d4 Bb6 10. a5 Ba7 11. Bg5 h6 12. Bh4 g5 13. Bxg5 hxg5 14. Nxg5 O-O 15. Qf3
Bg4 16. Qg3 Qe7 17. h3 exd4 18. hxg4 Rbd8 19. Qf4 Qe5 20. Qf5 Ne7 21. Qxe5 dxe5
22. Rd1 Nxg4 23. Rd3 Ng6 24. Rf3 Nh6 25. Rf6 Rd6 26. Rf3 c5 27. Bd5 Nf4 28. c4
Nxd5 29. cxd5 c4 30. Rg3 Rg6 31. Nd2 d3 32. Ndf3 f6 33. Nh4 Rxg5 34. Rf3 Ng4 35.
Nf5 Bxf2+ 36. Rxf2 Nxf2 37. Kxf2 Kf7 38. Rh1 Kg8 39. Rg1 b4 40. Ne3 c3 41. bxc3
bxc3 42. Rc1 Rc8 43. d6 Rd8 44. Rxc3 Rxd6 45. Nd5 d2 46. Rd3 Kf7 47. Rxd2 Ke6
48. Nc7+ Kd7 49. Rxd6+ Kxd6 50. Nxa6 Kc6 51. Nb8+ Kb7 52. Nd7 Ka6 53. Nxf6 Kxa5
54. Kf3 Kb6 55. g4 Kc6 56. Nh7 Rg7 57. Nf6 Rh7 58. Nxh7 Kd6 59. Ng5 Ke7 60. Nh3
Kf6 61. g5+ Kg6 62. Kg4 Kf7 63. Kf5 Kg7 {Black resigns} 1-0

[Event "Team 45 45 League T74"]
[Site "Internet Chess Club"]
[Date "2017.10.18"]
[Round "6"]
[White "jadencheung"]
[Black "kwen2008"]
[Result "0-1"]
[WhiteElo "1348"]
[BlackElo "1576"]
[Opening "Ruy Lopez: Marshall, main line, 14...Qh3"]
[ECO "C89"]
[Time "22:01:13"]
[TimeControl "2700+45"]

1. e4 e5 2. Nf3 Nc6 3. Bb5 a6 4. Ba4 Nf6 5. O-O b5 6. Bb3 Be7 7. Re1 O-O 8. c3
d5 9. exd5 Nxd5 10. Nxe5 Nxe5 11. Rxe5 c6 12. d4 Bd6 13. Re1 Qh4 14. g3 Qh3 15.
Qf3 Bg4 16. Qg2 Qh5 17. Nd2 Rae8 18. Ne4 Bf3 19. Qf1 Bxe4 20. Bd1 Qf5 21. Be2
Qf6 22. Bd2 Bf3 23. Bxf3 Qxf3 24. Rxe8 Rxe8 25. Re1 Rxe1 26. Qxe1 Qf6 27. Qe8+
Bf8 28. b3 Qe6 29. Qxe6 fxe6 30. Kf1 b4 31. cxb4 Bxb4 32. Be3 Nxe3+ 33. fxe3 c5
34. dxc5 Bxc5 35. Ke2 Kf7 36. Kd3 Ke7 37. h3 Kd6 38. e4 Ke5 39. a4 a5 40. g4 g5
41. Kc4 Bb4 42. Kd3 h6 43. Ke3 Bc5+ 44. Kd3 Bf2 45. Kc4 Kxe4 46. Kb5 Be1 47. Kc6
Kf4 48. Kd6 e5 49. Ke6 e4 50. Kf6 e3 51. Kg6 e2 52. Kxh6 Bh4 53. b4 e1=Q 54. b5
Qe6+ 55. Kh7 Qf7+ 56. Kh6 Be1 57. b6 Bb4 58. h4 Bf8# {White checkmated} 0-1

[Event "Team 45 45 League T74"]
[Site "Internet Chess Club"]
[Date "2017.10.22"]
[Round "6"]
[White "dinosaurchess"]
[Black "leoshi"]
[Result "1-0"]
[WhiteElo "1367"]
[BlackElo "1317"]
[Opening "Ruy Lopez: 5.O-O"]
[ECO "C78"]
[Time "20:01:07"]
[TimeControl "2700+45"]

1. e4 e5 2. Nf3 Nc6 3. Bb5 a6 4. Ba4 Nf6 5. O-O b5 6. Bb3 Bc5 7. a4 Bb7 8. c3 d6
9. d4 Bb6 10. Re1 h6 11. Be3 O-O 12. dxe5 Bxe3 13. exf6 Bxf2+ 14. Kxf2 Qxf6 15.
Kg1 Rfe8 16. Nbd2 Ne5 17. Nxe5 Qxe5 18. Kh1 Rad8 19. axb5 axb5 20. Ra5 Bc6 21.
Ra1 Ra8 22. Rxa8 Bxa8 23. Qf3 d5 24. Rf1 Re7 25. Bxd5 Bxd5 26. exd5 Qe2 27. d6
cxd6 28. Qf4 f6 29. Qxd6 Re3 30. Qd5+ Kh8 31. h3 Rd3 32. Qa8+ Kh7 33. Qe4+ Qxe4
34. Nxe4 Re3 35. Nd6 Re5 36. b4 Rd5 37. Nc8 Rd3 38. Rc1 Kg6 39. Na7 Rd5 40. c4
bxc4 41. Rxc4 Rd1+ 42. Kh2 Rb1 43. b5 f5 44. Rc6+ Kg5 45. b6 h5 46. Nc8 h4 47.
Rc7 g6 48. b7 Kh6 49. Nd6 Kh5 50. Rc8 Rxb7 51. Nxb7 Kg5 52. Nd6 Kf6 53. Rc4 g5
54. Rc5 f4 55. Ne4+ Ke6 56. Nxg5+ Kd6 57. Rc4 Ke5 58. Nf3+ Kf5 59. Nxh4+ Kg5 60.
Nf3+ Kf5 61. Nd4+ Ke5 62. Ne2 Kd5 63. Rxf4 Ke5 64. Rf3 Ke4 65. h4 Kd5 66. h5 Ke4
67. h6 Kd5 68. h7 Kc6 69. h8=Q Kb7 70. Rf6 Kc7 71. Qg7+ Kc8 72. Rf8# {Black
checkmated} 1-0

[Event "Team 45 45 League T74"]
[Site "Internet Chess Club"]
[Date "2017.10.21"]
[Round "6"]
[White "Newbao"]
[Black "skywise"]
[Result "1/2-1/2"]
[WhiteElo "1288"]
[BlackElo "1507"]
[Opening "Ruy Lopez: 5.O-O"]
[ECO "C78"]
[Time "23:09:55"]
[TimeControl "2700+45"]

1. e4 e5 2. Nf3 Nc6 3. Bb5 a6 4. Ba4 Nf6 5. O-O b5 6. Bb3 Bc5 7. a4 Bb7 8. c3 d6
9. d4 Bb6 10. Re1 O-O 11. Bg5 h6 12. Bh4 g5 13. Bg3 Ne7 14. dxe5 dxe5 15. Nxe5
Nxe4 16. Qxd8 Raxd8 17. Na3 bxa4 18. Bxa4 c6 19. Rxe4 f5 20. Ree1 f4 21. Bxf4
Rxf4 22. Bb3+ Kf8 23. Re2 h5 24. g3 Rf6 25. Rd1 Rxd1+ 26. Bxd1 Bc8 27. Rd2 g4
28. Nc2 Ng6 29. Nxg6+ Rxg6 30. Ne3 Bxe3 31. fxe3 Ke7 32. Bc2 Re6 33. Kf2 Re5 34.
Rd4 Rd5 35. Rxd5 cxd5 36. Bg6 Kd6 37. Bxh5 Kc5 38. Bf7 Kc4 39. e4 Kb3 40. Bxd5+
Kxb2 41. c4 a5 42. e5 a4 43. e6 a3 44. e7 Bd7 45. c5 a2 46. Bxa2 Kxa2 47. Ke3
Kb3 48. Kd4 Bc6 49. Ke5 Kc4 50. Kd6 Kb5 51. Kc7 Kxc5 52. Kd8 Kd6 53. e8=Q Bxe8
54. Kxe8 Ke6 55. Kf8 Kf6 56. Kg8 Kg6 57. Kf8 Kf6 58. Ke8 Ke6 59. Kd8 Kd6 60. Kc8
Kc6 61. Kd8 Kd6 62. Ke8 Ke6 63. Kf8 Kf6 64. Kg8 Kg6 65. Kf8 Kf6 {Game drawn by
repetition} 1/2-1/2

[Event "Team 45 45 League T74"]
[Site "Internet Chess Club"]
[Date "2017.10.22"]
[Round "6"]
[White "Ajolote"]
[Black "ivanson"]
[Result "0-1"]
[WhiteElo "1792"]
[BlackElo "1774"]
[Opening "Ruy Lopez: closed, center attack"]
[ECO "C84"]
[Time "16:16:32"]
[TimeControl "2700+45"]

1. e4 e5 2. Nf3 Nc6 3. Bb5 a6 4. Ba4 Nf6 5. O-O Be7 6. d4 exd4 7. e5 Ne4 8. Re1
Nc5 9. Bxc6 dxc6 10. Qxd4 Bf5 11. Nc3 Ne6 12. Qe3 Bc5 13. Qe2 O-O 14. Be3 Bb4
15. Rad1 Qe7 16. Nd4 Nxd4 17. Bxd4 Rad8 18. a3 c5 19. axb4 cxd4 20. Na2 Be6 21.
b3 Rfe8 22. b5 a5 23. Nc1 Qb4 24. Qe4 Qxb5 25. Rxd4 Rxd4 26. Qxd4 Qd5 27. Qxd5
Bxd5 28. Nd3 f6 29. c4 Bf7 30. f4 Bg6 31. Nc5 b6 32. Na6 Re7 33. Nb8 Be8 34. Kf2
Kf7 35. c5 fxe5 36. fxe5 Ke6 37. c6 Rf7+ 38. Ke3 Rf5 39. Kd4 Rf4+ 40. Re4 Rf2
41. Rg4 Bg6 42. Na6 Rd2+ 43. Kc3 Rc2+ 44. Kd4 Rxc6 45. b4 axb4 46. Nxb4 Rc1 47.
Ke3 Re1+ 48. Kd2 Rxe5 49. h4 Re4 50. Rxe4+ Bxe4 51. g3 Kf5 52. Ke3 c5 53. Na2
Bc6 54. Nc1 Kg4 {White resigns} 0-1

[Event "Team 45 45 League T74"]
[Site "Internet Chess Club"]
[Date "2017.10.18"]
[Round "6"]
[White "Demachaeron"]
[Black "fireball"]
[Result "0-1"]
[WhiteElo "1704"]
[BlackElo "1602"]
[Opening "Budapest: Adler variation"]
[ECO "A52"]
[Time "20:06:53"]
[TimeControl "2700+45"]

1. d4 Nf6 2. c4 e5 3. dxe5 Ng4 4. Nf3 Nc6 5. e3 Ngxe5 6. Nbd2 Bc5 7. b3 Qf6 8.
Nxe5 Nxe5 9. Rb1 O-O 10. Bb2 Qe7 11. Be2 b6 12. Ne4 Bb4+ 13. Nc3 Bb7 14. O-O
Bxc3 15. Bxc3 d6 16. Qd4 Qg5 17. e4 Qf4 18. Bd3 c5 19. Qe3 Qxe3 20. fxe3 Nxd3
21. e5 Nxe5 22. Rf4 Rfe8 23. Rbf1 f6 24. g4 Nd3 25. Rf5 Rxe3 26. g5 Re2 27. gxf6
Rg2+ 28. Kh1 {White resigns} 0-1

[Event "Team 45 45 League T74"]
[Site "Internet Chess Club"]
[Date "2017.10.22"]
[Round "6"]
[White "Insan996"]
[Black "UrsaMajor"]
[Result "1-0"]
[WhiteElo "1675"]
[BlackElo "1517"]
[Opening "QGD: Tartakower (Makagonov-Bondarevsky) system, 8.cd Nxd5"]
[ECO "D59"]
[Time "20:16:31"]
[TimeControl "2700+45"]

1. d4 d5 2. c4 e6 3. Nc3 Be7 4. Nf3 Nf6 5. Bg5 h6 6. Bh4 O-O 7. e3 b6 8. cxd5
Nxd5 9. Nxd5 Bxh4 10. Nxh4 exd5 11. Nf3 Be6 12. Bd3 Nd7 13. O-O c5 14. dxc5 bxc5
15. Rc1 Rb8 16. b3 Qa5 17. Rc2 Rb4 18. Qd2 Rfb8 19. Rfc1 Qb6 20. h3 a5 21. Rc3
a4 22. bxa4 Rxa4 23. Rb3 Rb4 24. Rcb1 Qa5 25. Rxb4 Rxb4 26. Rxb4 cxb4 27. Nd4 g6
28. Nc6 Qb6 29. Nxb4 Nc5 30. a3 Qa5 31. Qb2 Qb6 32. Be2 Na4 33. Qc2 Qa5 34. Nc6
Qe1+ 35. Bf1 Nc3 36. Nd4 Bc8 37. Ne2 Ba6 38. Qxc3 Bxe2 39. Qxe1 {Black resigns}
1-0

[Event "Team 45 45 League T74"]
[Site "Internet Chess Club"]
[Date "2017.10.23"]
[Round "6"]
[White "limeinthecoke"]
[Black "nidusin2"]
[Result "1-0"]
[WhiteElo "1591"]
[BlackElo "1544"]
[Opening "Old Indian: Dus-Khotimirsky variation"]
[ECO "A53"]
[Time "21:03:41"]
[TimeControl "2700+45"]

1. c4 d6 2. Nc3 Nf6 3. d4 Nbd7 4. e3 e5 5. Bd3 Be7 6. Nge2 O-O 7. O-O Re8 8. Qc2
Nf8 9. h3 b6 10. b4 Bb7 11. Bb2 Ng6 12. Rad1 Bf8 13. dxe5 Nxe5 14. Nd5 Bxd5 15.
cxd5 Nxd3 16. Rxd3 Ne4 17. f3 Nf6 18. e4 Nd7 19. Nd4 Ne5 20. Rc3 Rc8 21. f4 c5
22. dxc6 Ng6 23. b5 d5 24. e5 Bc5 25. Rg3 f6 26. a4 fxe5 27. fxe5 Rxe5 28. Qd1
Re4 29. Kh1 Bxd4 30. Bxd4 Qh4 31. Bf2 Qd8 32. Rg4 Qe8 33. Qxd5+ Kh8 {Black
resigns} 1-0